Map: Blackpink LE

Players

meowmeowcute

  • Race: Zerg Zerg
  • Spawn Location: 1:00

VOD

Have the link to the VOD?

Description

Time

  • Played on: Dec. 22, 2017, 1:50 p.m.
  • Length: 27:20
Show
View Real Time Build Order
Export as new Build Order

meowmeowcute Zerg 

Build Orders:  

Get SALT Encoding   

  12  0:10  Drone  
  12  0:17  Drone  
  14  0:24  Overlord  
  14  0:56  Drone  
  14  0:57  Drone  
  16  1:13  Extractor  
  15  1:25  Spawning Pool  
  15  1:26  Drone  
  15  1:27  Drone  
  16  1:54  Drone  
  16  1:55  Drone  
  18  2:13  Evolution Chamber  
  18  2:16  Drone  
  18  2:17  Drone  
  19  2:45  Extractor  
  19  2:47  Drone  
  19  2:48  Drone  
  20  2:57  Queen  
  22  3:21  Drone, Roach Warren  
  22  3:36  Overlord x2  
  22  3:59  Hatchery  
  21  4:15  Drone  
  21  4:16  Drone  
  23  4:35  Roach  
  23  4:36  Roach  
  27  4:48  Roach  
  29  5:00  Roach  
  29  5:01  Roach x2  
  35  5:32  Roach  
  35  5:38  Overlord  
  35  5:39  Overlord  
  37  5:51  Drone  
  37  5:52  Drone  
  39  6:17  Baneling Nest  
  38  6:38  Spore Crawler  
  37  6:47  Drone  
  37  6:48  Drone x2  
  40  6:50  Queen  
  40  6:57  Zerg Ground Armor Level 1  
  42  7:09  Zergling x2  
  43  7:10  Zergling x4  
  43  7:11  Zergling x2  
  43  7:12  Zergling x2  
  47  7:42  Roach x2  
  47  7:43  Roach  
  53  7:54  Metabolic Boost  
  44  8:39  Overlord x2  
  44  9:00  Overlord x2  
  44  9:01  Overlord x2  
  44  9:08  Roach x2  
  48  9:24  Spore Crawler  
  48  9:28  Drone  
  48  9:36  Drone  
  48  9:37  Zerg Missile Weapons Level 1  
  49  9:44  Queen  
  51  10:09  Roach x2  
  62  10:10  Roach x2  
  59  10:21  Drone x2  
  59  10:22  Lair, Drone  
  62  10:33  Queen  
  64  10:50  Extractor  
  64  10:54  Extractor  
  62  11:00  Drone x2  
  64  11:10  Roach x3  
  70  11:23  Drone x2  
  72  11:56  Hydralisk Den  
  71  12:07  Infestation Pit  
  70  12:13  Roach  
  70  12:14  Roach x2  
  70  12:17  Zerg Melee Weapons Level 1  
  76  12:29  Drone x2  
  78  12:30  Drone  
  78  12:35  Roach x2  
  78  12:36  Roach  
  78  12:39  Roach x3  
  91  13:05  Overlord x3  
  91  13:06  Overlord x2  
  87  14:18  Spire  
  86  14:27  Hydralisk x2  
  86  14:28  Hydralisk x3  
  96  14:30  Unknown  
  96  14:49  Pneumatized Carapace  
  96  14:57  Infestor  
  96  14:58  Infestor  
  96  14:59  Infestor  
  102  15:20  Hydralisk x3  
  102  15:25  Hive  
  108  15:37  Spire  
  107  15:46  Nydus Network  
  106  15:56  Lurker Den  
  105  16:38  Neural Parasite  
  105  16:42  Drone x5  
  105  16:43  Drone  
  111  16:52  Mutalisk x2  
  115  17:05  Drone  
  116  17:33  Drone  
  117  17:54  Mutalisk x2  
  117  17:55  Mutalisk  
  123  18:04  Mutalisk x3  
  129  18:28  Pathogen Glands  
  129  18:33  Zerg Flyer Armor Level 1  
  129  19:01  Drone  
  129  19:07  Mutalisk  
  132  19:15  Overlord  
  132  19:22  Overlord x2  
  132  19:33  Hatchery  
  81  20:15  Drone  
  82  20:22  Mutalisk x2  
  82  20:23  Mutalisk x3  
  82  20:29  Mutalisk x2  
  96  20:30  Mutalisk  
  98  21:13  Zerg Flyer Weapons Level 1  
  98  21:28  Nydus Canal  
  98  21:32  Hatchery  
  98  21:35  Centrifical Hooks  
  97  21:46  Glial Reconstitution  
  97  22:07  Queen  
  99  22:12  Drone  
  99  22:13  Drone x2  
  102  22:23  Drone  
  103  22:35  Viper  
  106  22:54  Roach  
  106  22:55  Roach x3  
  114  23:36  Tunneling Claws  
  114  23:56  Drone x3  
  114  23:58  Ultralisk Cavern  
  49  25:04  Mutalisk x3  
  49  25:05  Mutalisk x3  
  61  25:26  Drone x2  
  61  25:27  Drone x3  
  66  25:32  Extractor  
  66  25:38  Extractor  
  64  26:07  Ultralisk  
Tags
 
Add a new tag
Caveats
  • Supply blocks, unpowered buildings, or Contaminate may cause inaccurate times.
  • Supply counts are checked every 10 seconds.